 Dungeon Crawl Stone Soup version 0.31-a0-1300-gb6740aa4e6 (webtiles) character file.

Game seed: 6763068360762599064

6885 Twinkles the Fighter (level 11, 0/120 HPs)
             Began as an Ogre Gladiator on Dec 15, 2023.
             Was an Elder of Okawaru.
             Slain by a gnoll sergeant
             ... wielding a +0 halberd
              (7 damage)
             ... in a bailey on Dec 19, 2023.
             The game lasted 00:43:06 (8194 turns).

Twinkles the Fighter (Ogre Gladiator)               Turns: 8194, Time: 00:43:06

Health: 0/120      AC: 14    Str: 24    XL:     11   Next: 6%
Magic:  8/13       EV: 16    Int:  9    God:    Okawaru [****..]
Gold:   544        SH:  0    Dex: 16    Spells: 10/10 levels left

rFire   . . .        a - +1 flail (protect)
rCold   . . .        (no shield)
rNeg    . . .        z - +0 robe
rPois   .            c - +0 hat
rElec   .            (no cloak)
rCorr   .            (gloves unavailable)
SInv    .            (boots unavailable)
Will    +....        o - amulet of regeneration
Stlth   +++          q - +6 ring of dexterity
HPRegen 1.20/turn    M - +4 ring of protection
MPRegen 0.13/turn

%: no passive effects
@: heroic, finesse-ful, under a protective aura
A: large, unfitting armour, tough skin 1
a: Renounce Religion, Heroism, Finesse


You were in a bailey.
You worshipped Okawaru.
Okawaru was greatly pleased with you.
You visited 1 branch of the dungeon, and saw 10 of its levels.
You also visited: Bailey.

You collected 544 gold pieces.

Inventory:

Hand Weapons
 a - a +1 flail of protection (weapon)
 b - a +0 sling
 r - a +0 flail
 O - a +1 flail of venom
Missiles
 d - 8 throwing nets
 h - 3 boomerangs
Armour
 c - a +0 hat (worn)
 z - a +0 robe (worn)
Jewellery
 m - a ring of protection from fire
 o - an amulet of regeneration (around neck)
 q - a +6 ring of dexterity (left hand)
 x - a ring of willpower
 G - a ring of protection from fire
 L - an amulet of the acrobat
 M - a +4 ring of protection (right hand)
 N - a ring of see invisible
 Q - an amulet of reflection
 T - a ring of resist corrosion
Wands
 j - a wand of polymorph (9)
 p - a wand of paralysis (14)
Scrolls
 f - a scroll of noise
 g - a scroll of butterflies {unknown}
 i - a scroll of poison {unknown}
 k - a scroll of torment {unknown}
 t - a scroll of amnesia
 w - a scroll of revelation {unknown}
 y - a scroll of silence {unknown}
 D - a scroll of blinking
 F - 2 scrolls of fog
 H - a scroll of enchant weapon {unknown}
 K - a scroll of immolation
 R - a scroll of vulnerability {unknown}
 Y - 3 scrolls of teleportation
 Z - 7 scrolls of identify
Potions
 l - a potion of ambrosia {unknown}
 s - 4 potions of curing {unknown}
 u - 3 potions of might {unknown}
 v - a potion of invisibility {unknown}
 A - 4 potions of attraction
 B - a potion of haste {unknown}
 E - 2 potions of mutation {unknown}
 I - a potion of enlightenment {unknown}
 J - a potion of degeneration {unknown}
 P - a potion of lignification {unknown}
 S - a potion of brilliance {unknown}


   Skills:
 + Level 11.4(16.4) Fighting
 + Level 8.3(13.3) Maces & Flails
 - Level 8.0(13.0) Throwing
 - Level 7.6(12.6) Dodging
 + Level 3.5 Invocations


You had 10 spell levels left.
You didn't know any spells.
Your spell library contained the following spells:

 Spells                   Type           Power      Damage    Failure   Level
 Cigotuvi's Dreadful Rot  Necr/Pois/Air  0%         N/A       52%         2
 Lesser Beckoning         Tloc           0%         N/A       52%         2
 Scorch                   Fire           0%         2d5       52%         2
 Frozen Ramparts          Ice            0%         1d1       77%         3
 Gell's Gravitas          Tloc           0%         N/A       77%         3
 Ignite Poison            Fire/Tmut/Pois 0%         N/A       77%         3
 Teleport Other           Tloc           0%         N/A       77%         3
 Flame Wave               Conj/Fire      0%         2d4       99%         4
 Leda's Liquefaction      Tmut/Erth      0%         N/A       99%         4
 Petrify                  Tmut/Erth      0%         N/A       99%         4
 Freezing Cloud           Conj/Ice/Air   0%         6-21      100%        5
 Metabolic Englaciation   Hex/Ice        0%         N/A       100%        5
 Summon Cactus Giant      Summ           Unusable   N/A       N/A         6

Dungeon Overview and Level Annotations

Branches:
Dungeon (10/15) Zot: 26879  Temple (0/1) D:5            Lair (0/5) D:8
 Bailey (1/1) Zot: 5612
    Orc: D:9-12

Altars:
Ashenzari
Elyvilon
Okawaru
Qazlal
Uskayaw
Vehumet
Wu Jian
Xom
Yredelemnul

Shops:
D:2 ([::(   D:7 [=[(

Annotations:
D:6 3 runed translucent doors, bmb222's ghost, novice OpSh
D:10 2 exclusions


Innate Abilities, Weirdness & Mutations

You are too large for most types of armour.
You have tough skin. (AC +1)


Message History

The gnoll hits you from afar with a +0 spear.
* * * LOW HITPOINT WARNING * * *
The gnoll bouda is no longer moving quickly.
The gnoll hits you with a +0 spear.
* * * LOW HITPOINT WARNING * * *
You closely miss the gnoll.
The gnoll is almost dead.
You kill the gnoll!
Okawaru accepts your kill.
Throw: 9 throwing nets
Press: ? - help, Shift-Dir - straight line, f - gnoll bouda, p - gnoll sergeant
Aim: a gnoll bouda, wielding a +0 halberd and wearing a +0 ring mail (76% to hit)
You throw a throwing net. The throwing net hits the gnoll bouda.
The gnoll bouda is caught in the net!
Throw: dart (poison)
Press: ? - help, Q - select action, (/) - cycle Shift-Dir - straight line, f/p - gnoll bouda
Aim: a gnoll bouda, wielding a +0 halberd and wearing a +0 ring mail (entangled in a net, 94% to hit)
You throw a poisoned dart.
The poisoned dart hits the gnoll bouda!!
The gnoll bouda is poisoned.
The gnoll sergeant hits you from afar with a +0 halberd!
* * * LOW HITPOINT WARNING * * *
Okay, then.
Unknown command.
Okay, then.
Unknown command.
The gnoll bouda calls upon its god to heal the gnoll sergeant.
The gnoll sergeant is healed somewhat.
The gnoll bouda struggles against the net.
The gnoll sergeant hits you with a +0 halberd!
* * * LOW HITPOINT WARNING * * *
Things that are here:
a +0 spear; a +0 chain mail You hit the gnoll sergeant.
Your weapon exudes an aura of protection.
The gnoll sergeant is heavily wounded.
You sock the gnoll sergeant!
The gnoll sergeant is almost dead.
The gnoll sergeant hits you with a +0 halberd!
You die...

♣≈.######'''######.
♣≈.# #...# ♣≈##
#...# ♣≈ #...# ♣≈
##'## ♣≈ ##...## ♣≈
##.....## ♣≈
#.......# ..# ♣≈###
#...8.@.# ..#
♣≈#...#....g..#...#
♣≈#...##...).##h..#
♣≈#....##.)g##....#
♣≈#8....##(##gg..8#
♣≈#.....#...#.....#
♣≈##....'.).gg...#
♣≈.##...#.).#.g.##
♣≈..#####...#####.


You could see a gnoll sergeant (swift, very poisoned) and a gnoll bouda (caught,
very poisoned).

Vanquished Creatures
  Psyche (D:8)
  A troll (D:5)
  2 hornets
  A wyvern (D:8)
  A wraith (D:9)
  7 yaks
  Grum (D:8)
  A warg (D:8)
  A steam dragon (D:8)
  Menkaure (D:6)
  An acid dragon (D:9)
  3 water moccasins
  An ice beast (D:5)
  2 orc warriors (D:8)
  5 wolves
  2 ogres (D:6)
  3 centaurs
  A phantom (D:6)
  A kobold brigand (D:9)
  6 gnoll sergeants
  5 bullfrogs
  5 scorpions
  6 killer bees (D:9)
  A howler monkey (D:8)
  5 hounds
  A jelly (D:4)
  6 gnoll boudas
  2 orc priests
  3 iguanas (D:5)
  6 orc wizards
  12 adders
  40 gnolls
  2 ufetubi (D:5)
  2 worms
  2 dart slugs (D:5)
  19 orcs
  8 bats
  11 endoplasms
  2 giant cockroaches (D:1)
  8 goblins
  12 hobgoblins
  2 jackals (D:3)
  11 kobolds
  4 quokkas
  12 ball pythons
  8 frilled lizards
  10 rats
247 creatures vanquished.

Vanquished Creatures (others)
  A gnoll (D:8)
1 creature vanquished.

Grand Total: 248 creatures vanquished

Notes
Turn   | Place    | Note
-------+----------+-------------------------------------------
     0 | D:1      | Twinkles the Ogre Gladiator began the quest for the Orb.
     0 | D:1      | Reached XP level 1. HP: 22/22 MP: 1/1
    57 | D:1      | HP: 6/22 [goblin/+0 dagger (1)]
    61 | D:1      | Reached skill level 3 in Fighting
    61 | D:1      | Reached XP level 2. HP: 6/31 MP: 2/2
    62 | D:1      | HP: 5/31 [goblin/+0 dagger (1)]
   401 | D:1      | Reached XP level 3. HP: 34/37 MP: 3/3
   915 | D:2      | Found Dor Ugua's Book Shop.
   923 | D:2      | Upgraded the game from 0.31-a0-1237-gabc64e778c to
                  | 0.31-a0-1300-gb6740aa4e6
  1026 | D:2      | Found Tozaom's Antique Weapon Boutique.
  1381 | D:2      | Found Wucwouhu's Book Emporium.
  1412 | D:2      | Found Fuosh's Armour Emporium.
  1460 | D:2      | Found Xysocrux's Weapon Shoppe.
  1730 | D:3      | Reached XP level 4. HP: 45/45 MP: 4/4
  1753 | D:3      | Found a radiant altar of Vehumet.
  1823 | D:3      | Found a shimmering altar of Xom.
  2085 | D:3      | Found an iron altar of Okawaru.
  2253 | D:3      | Reached skill level 4 in Fighting
  2253 | D:3      | Reached XP level 5. HP: 34/54 MP: 5/5
  2333 | D:3      | Became a worshipper of Warmaster Okawaru
  2554 | D:4      | Noticed a +0 falchion
  2555 | D:4      | Noticed a +0 spear
  2556 | D:4      | Noticed a +0 short sword
  2556 | D:4      | Noticed a +0 dagger
  2557 | D:4      | Noticed a +0 spear
  2557 | D:4      | Noticed a +0 falchion
  2560 | D:4      | Noticed a +0 short sword
  2564 | D:4      | Noticed a +0 dagger
  2645 | D:4      | Found a stormy altar of Qazlal.
  2860 | D:4      | Reached XP level 6. HP: 60/63 MP: 6/6
  3099 | D:4      | Found a hide-covered altar of Uskayaw.
  3151 | D:5      | Entered Level 5 of the Dungeon
  3241 | D:5      | Reached * piety under Okawaru
  3286 | D:5      | Reached skill level 5 in Fighting
  3381 | D:5      | Reached XP level 7. HP: 72/72 MP: 7/7
  3499 | D:5      | Found a staircase to the Ecumenical Temple.
  3617 | D:5      | Noticed a troll
  3633 | D:5      | Killed a troll
  3633 | D:5      | Reached ** piety under Okawaru
  3939 | D:5      | Reached skill level 6 in Fighting
  3950 | D:5      | Found a broken altar of Ashenzari.
  4015 | D:6      | Noticed Menkaure
  4020 | D:6      | Killed Menkaure
  4021 | D:6      | Reached XP level 8. HP: 73/84 MP: 8/8
  4083 | D:6      | Reached skill level 5 in Dodging
  4105 | D:6      | Reached skill level 5 in Throwing
  4110 | D:6      | Reached skill level 5 in Maces & Flails
  4174 | D:6      | Reached skill level 7 in Fighting
  4330 | D:6      | Reached *** piety under Okawaru
  4501 | D:6      | Noticed a cyclops
  4502 | D:6      | Found a runed translucent gate.
  4508 | D:6      | Found a runed translucent gate.
  4508 | D:6      | Noticed a gargoyle
  4508 | D:6      | Noticed bmb222's ghost (novice OpSh)
  4509 | D:6      | Found a runed translucent gate.
  4528 | D:6      | Reached XP level 9. HP: 94/94 MP: 9/9
  4747 | D:7      | Reached skill level 8 in Fighting
  4757 | D:7      | Found Becoam's Antique Armour Boutique.
  4959 | D:7      | Found Jiboc's Weapon Boutique.
  5078 | D:7      | Found a white marble altar of Elyvilon.
  5082 | D:7      | Found an ornate altar of the Wu Jian Council.
  5087 | D:7      | Found a basalt altar of Yredelemnul.
  5162 | D:7      | Found Tootwin's Jewellery Boutique.
  5182 | D:7      | Found Mirhios's Antique Armour Shoppe.
  5357 | D:8      | Noticed Grum
  5434 | D:8      | Killed Grum
  5496 | D:8      | Noticed Psyche
  5590 | D:8      | Reached skill level 9 in Fighting
  5824 | D:8      | Reached **** piety under Okawaru
  5917 | D:8      | Noticed a hornet
  5928 | D:8      | Paralysed by a hornet for 2 turns
  5932 | D:8      | Killed a hornet
  5933 | D:8      | Reached XP level 10. HP: 63/107 MP: 8/10
  6172 | D:8      | Found a staircase to the Lair.
  6446 | D:8      | Killed Psyche
  6575 | D:8      | Identified the +5 falchion of Zihe {flame, Str+2}
  6606 | D:8      | Reached skill level 10 in Fighting
  6938 | D:9      | HP: 32/110 [acid dragon (13)]
  7148 | D:9      | HP: 29/111 [yak (9)]
  7153 | D:9      | HP: 24/111 [yak (8)]
  7154 | D:9      | HP: 7/111 [yak (12)]
  7156 | D:9      | HP: 2/111 [yak (8)]
  7162 | D:9      | HP: 3/111 [yak (4)]
  7403 | D:9      | Reached skill level 1 in Invocations
  7623 | D:9      | Reached ***** piety under Okawaru
  7670 | D:10     | Entered Level 10 of the Dungeon
  7745 | D:10     | Reached skill level 11 in Fighting
  7776 | D:10     | Found a flagged portal.
  7791 | Bailey   | Entered a bailey
  7882 | Bailey   | Reached XP level 11. HP: 61/120 MP: 13/13
  8172 | Bailey   | HP: 30/120 [gnoll sergeant/+0 halberd (7)]
  8187 | Bailey   | HP: 26/120 [gnoll/+0 spear (4)]
  8192 | Bailey   | HP: 6/120 [gnoll sergeant/+0 halberd (11)]
  8194 | Bailey   | Slain by a gnoll sergeant

Illustrated notes

Levels and vault maps discovered:
D:1:      reono_arrival_forest_river, layout_basic, minmay_pentomino_p2
D:2:      layout_loops_ring, serial_shops, nicolae_shop_trees,
          nicolae_shop_stone, shop_coins, shop, shop, corner_web_ring
D:3:      minmay_octagon_keep, layout_basic, xom_confusion_cloud,
          kennysheep_okawaru_gauntlet, nicolae_vehumet_radiance
D:4:      layout_rooms, lemuel_tele_altar, nicolae_uskayaw_en_pointe
D:5:      layout_gridville, kennysheep_little_box, minmay_temple_entry_trees
D:6:      layout_rooms, gammafunk_ghost_split, uniq_menkaure
D:7:      layout_rooms, grunt_temple_overflow_diamond, serial_shops,
          nicolae_shop_tiny_statue_garden, shop, nicolae_take_the_stairs,
          nicolae_shop_peninsula
D:8:      layout_loops_ring, erik_lair_orcish_takeover, hex_tiny, uniq_grum,
          uniq_psyche
D:9:      layout_big_octagon, serial_park_tiny_2,
          hangedman_abyss_or_decor_passed
D:10:     layout_cave_pools, lightli_temple_of_fire,
          mainiacjoe_overflow_tiny_flanked, serial_column_ruins,
          column_ruins_hut, column_ruins_grid_1, column_ruins_open_small,
          column_ruins_open_tiny, column_ruins_grid_1, column_ruins_open_medium,
          enter_bailey_1, uniq_maurice
Bailey:   bailey_polearm_gnolls_kennysheep, bailey

Skill      XL: |  1  2  3  4  5  6  7  8  9 10 |
---------------+-------------------------------+-----
Fighting       | 3 4 5 6 7 9 11 | 11.4
Dodging        | 3 4 5 6 7 |  7.6
Maces & Flails | 3 4 5 6 8 |  8.3
Throwing       | 3 4 5 7 8 |  8.0
Invocations    | 3 |  3.5

Action                     |  1- 3 |  4- 6 |  7- 9 | 10-12 || total
---------------------------+-------+-------+-------+-------++-------
  Melee: Flail             |   135 |   196 |   328 |   383 ||  1042
         Punch             |     2 |     2 |     1 |     5 ||    10
   Fire: Sling             |       |    61 |       |       ||    61
  Throw: Dart              |       |       |     2 |    21 ||    23
         Large rock        |       |       |     1 |     2 ||     3
         Boomerang         |       |       |       |     4 ||     4
         Throwing net      |       |       |       |     2 ||     2
 Invoke: Heroism           |       |       |     1 |     4 ||     5
         Finesse           |       |       |       |     1 ||     1
    Use: Scroll            |       |       |       |     8 ||     8
   Stab: Sleeping          |     1 |       |     3 |       ||     4
         Distracted        |       |     1 |       |       ||     1
 Armour: Robe              |   103 |   223 |   270 |   357 ||   953
  Dodge: Dodged            |    88 |   205 |   233 |   378 ||   904

Table legend: (Time is in decaauts)
 A = Elapsed time spent in this place.
 B = Non-inter-level travel time spent in this place.
 C = Inter-level travel time spent in this place.
 D = Time resting spent in this place.
 E = Time spent auto-exploring this place.
 F = Levels seen in this place.
 G = Mean time per level.
                   A        B        C        D        E       F      G
               +--------+--------+--------+--------+--------+-----+--------+
         Total |   8323 |   7938 |    385 |    291 |   4736 |  11 |  756.6 |
       Dungeon |   7936 |   7551 |    385 |    223 |   4639 |  10 |  793.6 |
        Bailey |    387 |    387 |      0 |     68 |     97 |   1 |  387.0 |
               +--------+--------+--------+--------+--------+-----+--------+

Top non-repeatable levels by time:
     D:8: 1363 daAuts
     D:9: 954 daAuts
     D:1: 939 daAuts
     D:3: 899 daAuts
     D:5: 893 daAuts
     D:6: 750 daAuts
     D:2: 721 daAuts
     D:4: 661 daAuts
     D:7: 637 daAuts
  Bailey: 387 daAuts
    D:10: 115 daAuts
